AoeStats
← Wolfgang

African Clearing

510319346Analyzed
2v2 RM · 3d ago on Sep 30, 2026· 51m 41s· 4 players
Game mode
Random Map
Map size
Medium (4 player)
Population
200
Speed
Normal
Resources
Standard
Victory
Conquest
Starting age
Dark Age
Ending age
Imperial Age
RankedLock teamsTeams togetherTeam positionsShared explorationLock speedFull tech treeHidden civsTurbo modeCheats
Victory
Defeat
🇹🇼 Sicilians · Taiwan
1409
+12
🇹🇼 Varangians · Taiwan
1291
+17
🇦🇺 Berbers · Australia
1332
-15
🇦🇺 Varangians · Australia
1312
-14
EchoEmpires
11:58 Feudal Age
14:28 Loom
22:11 Castle Age
20:14 Double-Bit Axe
35:12 Scale Barding Armor
35:36 Forging
35:47 Bloodlines
35:52 Husbandry
37:11 Gold Mining
38:23 Chain Barding Armor
44:26 Light Cavalry
48:54 Imperial Age
47:45 Wheelbarrow
49:08 Heavy Camel Rider
Wolfgang
4:17 Loom
14:20 Feudal Age
15:51 Horse Collar
15:56 Double-Bit Axe
18:46 Castle Age
22:11 Heavy Plow
25:54 Wheelbarrow
31:39 Fletching
34:21 Imperial Age
33:08 Scale Barding Armor
33:14 Forging
34:11 Bloodlines
34:02 Husbandry
34:16 Vendel Legacy
36:56 Cavalier
37:59 Conscription
44:41 Chain Barding Armor
44:57 Iron Casting
46:38 Plate Barding Armor
47:20 Light Cavalry
49:49 Blast Furnace
49:57 Town Watch
Gogogo
9:33 Loom
11:39 Feudal Age
12:13 Double-Bit Axe
17:33 Wheelbarrow
21:37 Castle Age
21:07 Bloodlines
22:32 Bow Saw
22:00 Light Cavalry
22:40 Husbandry
23:24 Scale Barding Armor
23:29 Forging
25:46 Fletching
28:38 Horse Collar
29:45 Bodkin Arrow
30:52 Town Watch
31:28 Heavy Plow
33:22 Gold Mining
33:22 Stone Mining
33:22 Gold Mining
33:22 Stone Mining
33:22 Gold Mining
33:28 Stone Mining
34:31 Chain Barding Armor
35:28 Forging
37:04 Iron Casting
38:10 Hand Cart
37:55 Town Patrol
38:10 Hand Cart
37:56 Town Patrol
37:58 Scale Mail Armor
37:58 Padded Archer Armor
44:48 Imperial Age
44:59 Cavalier
47:40 Masonry
48:30 Plate Barding Armor
49:39 Squires
49:25 Arson
50:16 First Crusade
49:46 Gambesons
50:17 Chain Mail Armor
50:43 Hoardings
50:45 Elite Serjeant
52:54 Blast Furnace
52:24 Plate Mail Armor
52:54 Blast Furnace
52:24 Plate Mail Armor
52:54 Blast Furnace
52:27 Plate Mail Armor
52:58 Blast Furnace
winston
9:45 Loom
12:03 Feudal Age
13:08 Feudal Age
14:30 Double-Bit Axe
17:27 Castle Age
15:46 Stone Mining
17:10 Gold Mining
24:09 Bloodlines
25:34 Bow Saw
25:11 Horse Collar
27:41 Heavy Plow
33:46 Wheelbarrow
33:19 Town Watch
38:26 Imperial Age
37:52 Hand Cart
38:14 Scale Barding Armor
38:20 Forging
38:14 Husbandry
39:52 Chain Barding Armor
41:14 Fletching
43:03 Plate Barding Armor
44:01 Fletching
44:01 Elite Jarl
46:33 Iron Casting
49:32 Town Patrol
52:39 Stone Shaft Mining
Connection lost

Rejoining the realm…

Still unreachable

The connection could not be restored.

Session expired

The server has moved on; the page needs a fresh start.